 Dungeon Crawl Stone Soup version 0.25-a0-378-gd2ca0b7745 (webtiles) character file.

Game seed: 6113372610199106200, levelgen mode: deterministic

25 PentaManta the Cudgeler (level 3, 0/23 HPs)
             Began as a Gargoyle Fighter on Jan 7, 2020.
             Killed from afar by an orc wizard (7 damage)
             ... with a magic dart
             ... on level 2 of the Dungeon.
             The game lasted 00:01:36 (1029 turns).

PentaManta the Cudgeler (Gargoyle Fighter)          Turns: 1029, Time: 00:01:36

Health: 0/23       AC: 10    Str: 20    XL:     3   Next: 4%
Magic:  3/3        EV:  7    Int:  8    God:
Gold:   85         SH:  9    Dex:  9    Spells: 2/2 levels left

rFire    . . .     SeeInvis .   h - +0 dagger
rCold    . . .     Gourm    .   c - +0 shield
rNeg     + . .     Faith    .   b - +0 scale mail
rPois    ∞         Spirit   .   (no helmet)
rElec    +         Reflect  .   (no cloak)
rCorr    .         Harm     .   (no gloves)
MR       .....                  (no boots)
Stlth    ..........             (no amulet)
HPRegen  0.07/turn              (no ring)
MPRegen  0.08/turn              (no ring)

@: slowed, very slow
A: negative energy resistance 1, electricity resistance, unbreathing,
petrification resistance, rot immunity, AC +3
a: no special abilities


You were on level 2 of the Dungeon.
You were hungry.

You visited 1 branch of the dungeon, and saw 2 of its levels.

You collected 85 gold pieces.

Inventory:

Hand Weapons
 a - a +0 flail
 h - a +0 dagger (weapon)
Armour
 b - a +0 scale mail (worn)
 c - a +0 shield (worn)
Scrolls
 e - 2 scrolls of enchant armour {unknown}
 i - a scroll of noise {unknown}
 j - a scroll of fear {unknown}
 k - a scroll of magic mapping {unknown}
 n - a scroll of blinking {unknown}
 o - 2 scrolls of identify {unknown}
 p - 2 scrolls of teleportation {unknown}
Potions
 d - a potion of might
 g - 2 potions of brilliance {unknown}
 l - a potion of mutation {unknown}
 m - 3 potions of invisibility {unknown}
Comestibles
 f - a ration


   Skills:
 - Level 3.2 Fighting
 + Level 3.4 Maces & Flails
 - Level 3.2 Armour
 - Level 3.2 Shields


You had 2 spell levels left.
You didn't know any spells.
Your spell library was empty.

Dungeon Overview and Level Annotations

Branches:
Dungeon (2/15)

Altars:


Innate Abilities, Weirdness & Mutations

You are resistant to torment.
Your stone body is resilient. (AC +3)
You are immune to poison.
You resist negative energy. (rN+)
You are resistant to electric shocks. (rElec)
You can survive without breathing.
You are immune to petrification.
You are immune to rotting.


Message History

Your shield and scale mail prevent you from hitting something.
The orc wizard hits you but does no damage.
Something hits you but does no damage. You block the orc wizard's attack.
Something hits you but does no damage.
The orc wizard hits you but does no damage.
You hit something. You block something's attack.
The orc wizard hits you but does no damage.
Something hits you but does no damage. You block the orc wizard's attack.
Something hits you but does no damage.
You hit something.
The orc wizard mumbles some strange words.
The orc wizard blinks!
Something hits you but does no damage. x2
The orc wizard points at you and mumbles some strange words.
You feel as though you will be slow longer.
You miss something. Something hits you but does no damage.
The orc wizard gestures at you while chanting.
The magic dart hits you. Something hits you but does no damage.
The orc wizard casts a spell at you. The magic dart hits you!
You die...

####### ..<...# .####.# # .#
#.# ##.. .# #.######### ######
.....
.####.........#####....##......
>...........o...@{oo...........
.##...#######.#####o...##.!...[
.##.#.# #.# #############
.##.#.#### #.# #.....#
.##.#....####.# #.....#####
..............+ +..........
##...#...####.# #.....#####
#...#.### #. #.....# #.....#
#.....#


You could see an orc wizard and 3 orcs.

Vanquished Creatures
  A dart slug (D:1)
  2 leopard geckos
  2 giant cockroaches
  3 goblins (D:1)
  4 hobgoblins
  2 kobolds (D:1)
  2 bats
  A frilled lizard (D:1)
  2 rats
19 creatures vanquished.

Notes
Turn   | Place    | Note
-------+----------+-------------------------------------------
     0 | D:1      | PentaManta the Gargoyle Fighter began the quest for the
                  | Orb.
     0 | D:1      | Reached XP level 1. HP: 14/14 MP: 1/1
   282 | D:1      | Reached XP level 2. HP: 19/19 MP: 2/2
   913 | D:2      | Reached XP level 3. HP: 22/23 MP: 3/3
  1029 | D:2      | Killed from afar by an orc wizard

Levels and vault maps discovered:
D:1:      dpeg_arrival_pond, layout_loops_cross
D:2:      layout_basic

Skill      XL: |  1  2 |
---------------+-------+-----
Maces & Flails | 3 |  3.4
Fighting       | |  3.2
Armour         | |  3.2
Shields        | |  3.2

Action                   || total
-------------------------++-------
Melee: Dagger            ||   115
       Flail             ||     7
Armor: Scale mail        ||    63
Dodge: Dodged            ||    27
Block: Shield            ||    53

Table legend:
 A = Non-vault XP
 B = Vault XP
 C = Vault XP percentage of total XP
 D = Non-vault monster count
 E = Vault monster count
 F = Vault count percentage of total count
                 A         B        C        D         E       F
            +---------+---------+-------+---------+---------+-------
      Total |      36 |       0 |   0.0 |      19 |       0 |   0.0
            +---------+---------+-------+---------+---------+-------
        D:1 |      27 |       0 |   0.0 |      14 |       0 |   0.0
        D:2 |       9 |       0 |   0.0 |       5 |       0 |   0.0
            +---------+---------+-------+---------+---------+-------
